 Dungeon Crawl Stone Soup version 0.28-a0-384-g9e0c098162 (webtiles) character file.

Game seed: 18386509620159859453

273 robertstho the Magician (level 6, -4/43 HPs)
             Began as a Djinni Fire Elementalist on Sept 2, 2021.
             Slain by an ogre (17 damage)
             ... on level 5 of the Dungeon.
             The game lasted 00:04:46 (4404 turns).

robertstho the Magician (Djinni Fire Elementalist)  Turns: 4404, Time: 00:04:46

Health: -4/43      AC:  3    Str:  7    XL:     6   Next: 48%
Gold:   117        EV: 12    Int: 19    God:
                   SH:  0    Dex: 13

rFire   + + .      SeeInvis .   k - +0 short sword
rCold   x . .      Faith    .   (no shield)
rNeg    . . .      Spirit   .   a - +0 robe
rPois   ∞          Reflect  .   (no helmet)
rElec   .          Harm     .   (no cloak)
rCorr   .          Rampage  .   g - +0 pair of gloves
Will    .....                   (boots unavailable)
Stlth   ++........              (no amulet)
HPRegen 0.14/turn               (no ring)
MPRegen 0.00/turn               (no ring)

@: flying
A: sickness immunity, fire resistance 2, cold vulnerability 1, float, innate
caster, hp casting, extra vitality 1
a: no special abilities


You were on level 5 of the Dungeon.
You visited 1 branch of the dungeon, and saw 5 of its levels.

You collected 117 gold pieces.

Inventory:

Hand Weapons
 k - a +0 short sword (weapon)
Armour
 a - a +0 robe (worn)
 g - a +0 pair of gloves (worn)
Wands
 j - a wand of iceblast (7)
Scrolls
 b - a scroll of noise {unknown}
 e - a scroll of summoning {unknown}
 f - 2 scrolls of teleportation
 h - a scroll of identify
Potions
 c - a potion of cancellation {unknown}
 d - a potion of brilliance {unknown}
 i - a potion of heal wounds {unknown}
 l - 3 potions of haste {unknown}


   Skills:
 * Level 1.8 Fighting
 + Level 2.3 Dodging
 + Level 2.2 Stealth
 * Level 4.7 Spellcasting


You couldn't memorise any spells.
You knew the following spells:

 Your Spells              Type           Power      Damage    Failure   Level
a - Foxfire               Conj/Fire      88%        2x1d8     1%          1
b - Scorch                Fire           44%        2d7       2%          2
c - Conjure Flame         Conj/Fire      22%        6-21      5%          3
d - Inner Flame           Hex/Fire       22%        N/A       5%          3
e - Sticky Flame          Conj/Fire      22%        2d4       19%         4
f - Fireball              Conj/Fire      11%        3d7       45%         5
g - Apportation           Tloc           44%        N/A       1%          1
h - Slow                  Hex            22%        N/A       2%          2
Your spell library was empty.

Dungeon Overview and Level Annotations

Branches:
Dungeon (5/15)
 Temple: D:4-7

Altars:


Innate Abilities, Weirdness & Mutations

You are immune to sickness and miasma.
You are immune to poison.
Your flesh is very heat resistant. (rF++)
You are vulnerable to cold. (rC-)
You float through the air rather than walking.
You learn spells naturally, not from books.
Your magical power is your life essence.
You have superior vitality. (+4 HP)


Message History

Casting: Foxfire (safe; 1% risk of failure)
Press: ? - help, Q - select action, (/) - cycle Dir - look around, f - activate You conjure some foxfire!
* * * LOW HITPOINT WARNING * * *
The foxfire hits the gnoll.
The gnoll is almost dead.
The foxfire hits the gnoll.
You kill the gnoll!
Unknown command.
Your foxfire dissipates! x2
An ogre is nearby!
The ogre enters a dispersal trap!
You blink.
The ogre blinks!
The ogre shouts!
A worm comes into view.
You catch the helpless worm completely off-guard!
You hit the worm.
The worm is lightly wounded.
The worm bites you.
* * * LOW HITPOINT WARNING * * *
Found a ring mail.
Found a cloak.
You see here a +0 ring mail.
Found a stone staircase leading down.
A gnoll comes into view. It is wielding a +0 flail.
The gnoll shouts!
You see here a +0 cloak.
A gnoll comes into view. It is wielding a +3 vorpal spear.
A gnoll comes into view. It is wielding a +2 whip of draining.
The gnoll shouts!
There is a stone staircase leading down here.
The gnoll shouts!
You fly downwards.
Found 7 stones.
There is a stone staircase leading up here.
As you read the scroll labelled VOSOAGEISU, it crumbles to dust.
It is a scroll of identify.
f - 2 scrolls of teleportation The centaur shouts!
The ogre hits you with a +0 giant club!
You die...

### ##.###
##..(.#
#..@..#
#.O........
#.........##
#..........c
#.#..........
#..#.....#....
#. ...........
. ......#.###.


You could see an ogre and a centaur.

Vanquished Creatures
  2 orc priests (D:4)
  A hound skeleton (D:4)
  8 gnolls
  3 adders
  3 dart slugs
  9 orcs
  8 ball pythons
  An endoplasm (D:1)
  3 giant cockroaches
  6 goblins
  7 hobgoblins
  3 jackals (D:2)
  4 kobolds
  3 quokkas
  10 bats
  4 frilled lizards
  9 rats
84 creatures vanquished.

Vanquished Creatures (others)
  354 foxfires
354 creatures vanquished.

Grand Total: 438 creatures vanquished

Notes
Turn   | Place    | Note
-------+----------+-------------------------------------------
     0 | D:1      | robertstho the Djinni Fire Elementalist began the quest for
                  | the Orb.
     0 | D:1      | Reached XP level 1. HP: 15/15 MP: 0/0
   273 | D:1      | Reached XP level 2. HP: 16/21 MP: 0/0
   503 | D:1      | Reached skill level 3 in Spellcasting
   861 | D:1      | Found a faded altar of an unknown god.
   866 | D:1      | Reached XP level 3. HP: 21/25 MP: 0/0
   866 | D:1      | Learned a level 1 spell: Apportation
  1766 | D:2      | Reached skill level 1 in Fighting
  1840 | D:2      | Reached XP level 4. HP: 27/32 MP: 0/0
  3177 | D:3      | Reached XP level 5. HP: 30/37 MP: 0/0
  3177 | D:3      | Learned a level 2 spell: Slow
  3277 | D:4      | Reached skill level 4 in Spellcasting
  3317 | D:4      | Noticed an ogre
  4109 | D:4      | Reached XP level 6. HP: 31/43 MP: 0/0
  4403 | D:5      | Entered Level 5 of the Dungeon
  4404 | D:5      | Slain by an ogre

Illustrated notes

Levels and vault maps discovered:
D:1:      minmay_arrival_four_houses, layout_basic,
          hellmonk_ecumenical_altar_pennies_from_heaven
D:2:      layout_basic
D:3:      layout_basic
D:4:      layout_loops_ring, nicolae_overflow_hidden_temple,
          grunt_dithmenos_smoke_and_mirrors, minmay_door_square,
          nrook_loot_triangle, minmay_circle_x
D:5:      layout_cave_pools, kennysheep_mini_moat, nicolae_tso_carved_into_rock,
          serial_shops, shop_coins, shop, st_stairs_5

Skill      XL: |  1  2  3  4  5 |
---------------+----------------+-----
Spellcasting   | 3 4 |  4.7
Fighting       | 1 |  1.8
Stealth        | 2 |  2.2
Dodging        | |  2.3

Action                   |  1- 3 |  4- 6 || total
-------------------------+-------+-------++-------
Melee: Unarmed           |     1 |       ||     1
       Short sword       |       |     1 ||     1
 Cast: Foxfire           |    79 |   144 ||   223
       Scorch            |     4 |     7 ||    11
  Use: Scroll            |       |     1 ||     1
 Stab: Distracted        |       |     1 ||     1
Armor: Robe              |     1 |     2 ||     3
Dodge: Dodged            |     8 |    24 ||    32

Table legend: (Time is in decaauts)
 A = Elapsed time spent in this place.
 B = Non-inter-level travel time spent in this place.
 C = Inter-level travel time spent in this place.
 D = Time resting spent in this place.
 E = Time spent auto-exploring this place.
 F = Levels seen in this place.
 G = Mean time per level.
                   A        B        C        D        E       F      G
               +--------+--------+--------+--------+--------+-----+--------+
         Total |   4403 |   4316 |     87 |    129 |   3631 |   5 |  880.6 |
       Dungeon |   4403 |   4316 |     87 |    129 |   3631 |   5 |  880.6 |
               +--------+--------+--------+--------+--------+-----+--------+

Top non-repeatable levels by time:
     D:3: 1513 daAuts
     D:1: 1283 daAuts
     D:2: 1181 daAuts
     D:4: 424 daAuts
     D:5: 0 daAuts
